 Dungeon Crawl Stone Soup version 0.27.1-4-g1640c2035a (webtiles) character file.

Game seed: 6611183685837742294

9552 antary the Fighter (level 11, -22/90 HPs)
             Began as a Human Fighter on Nov 18, 2021.
             Was an Elder of the Shining One.
             Annihilated by an ogre (25 damage)
             ... while paralysed by an ogre mage
             ... on level 1 of the Orcish Mines.
             The game lasted 00:35:16 (12152 turns).

antary the Fighter (Human Fighter)                 Turns: 12152, Time: 00:35:16

Health: -22/90     AC: 12    Str: 33    XL:     11   Next: 76%
Magic:  5/5        EV:  2    Int:  8    God:    the Shining One [****..]
Gold:   584        SH:  0    Dex: 18    Spells: 10/10 levels left

rFire    + . .     SeeInvis .   B - +6 spear (antimagic)
rCold    + . .     Faith    .   n - +3 buckler
rNeg     + + .     Spirit   .   J - +3 ring mail {rF+}
rPois    +         Reflect  +   i - +2 hat
rElec    .         Harm     .   z - +0 cloak
rCorr    .         Rampage  .   (no gloves)
Will     .....                  (no boots)
Stlth    +.........             w - amulet "Roenkurr" {Reflect rPois rC+ Str+6 SH+5}
HPRegen  0.25/turn              l - +6 ring of dexterity
MPRegen  0.09/turn              v - +6 ring of strength

@: paralysed, glowing
A: no striking features
a: Renounce Religion, Divine Shield, Cleansing Flame


You were on level 1 of the Orcish Mines.
You worshipped the Shining One.
The Shining One was greatly pleased with you.
You visited 3 branches of the dungeon, and saw 11 of its levels.

You collected 773 gold pieces.
You spent 189 gold pieces at shops.

Inventory:

Hand Weapons
 a - a +0 long sword
 m - a +1 flail of protection
 r - a +5 scimitar of freezing
 s - a +1 dagger of freezing
 B - a +6 antimagic spear (weapon)
 C - the +4 quarterstaff of Distraction {speed, rElec MP-9 Str+3 Dex+6}
   (You took it off a gnoll on level 5 of the Dungeon)

   Attacks with this weapon are significantly faster.
   Str:       It affects your strength (+3).
   Dex:       It affects your dexterity (+6).
   rElec:     It insulates you from electricity.
   MP:        It affects your magic capacity (-9).
Missiles
 D - 4 throwing nets (quivered)
Armour
 b - a +0 scale mail
 c - a +0 kite shield
 e - a +0 helmet
 i - a +2 hat (worn)
 n - a +3 buckler (worn)
 t - the +2 ring mail "Itibiq" {Str+2}
   (You bought it in a shop on level 5 of the Dungeon)

   Str:       It affects your strength (+2).
 z - a +0 cloak (worn)
 J - a +3 ring mail of fire resistance (worn)
Jewellery
 l - a +6 ring of dexterity (left hand)
 q - an amulet of the acrobat
 v - a +6 ring of strength (right hand)
 w - the amulet "Roenkurr" (around neck) {Reflect rPois rC+ Str+6 SH+5}
   (You found it on level 6 of the Dungeon)

   [amulet of reflection]

   It reflects blocked missile attacks.
   Str:       It affects your strength (+6).
   rC:        It protects you from cold.
   rPois:     It protects you from poison.
   SH:        It affects your SH (+5).
 y - a +4 ring of protection
 A - a ring of flight
 F - a ring of see invisible
 K - a ring of protection from cold
 L - a ring of willpower
Wands
 p - a wand of mindburst (5)
 u - a wand of polymorph (9)
 G - a wand of paralysis (6)
 I - a wand of charming (8)
Scrolls
 g - 2 scrolls of noise
 k - a scroll of holy word
 o - 3 scrolls of identify
 H - 2 scrolls of teleportation
Potions
 d - 3 potions of lignification
 f - a potion of flight
 h - a potion of heal wounds
 j - 2 potions of curing
 x - 9 potions of degeneration
 M - a potion of invisibility
 N - a potion of magic


   Skills:
 + Level 10.0 Fighting
 - Level 3.3 Long Blades
 - Level 7.3 Maces & Flails
 + Level 4.7 Polearms
 + Level 6.0 Armour
 + Level 4.9 Dodging
 + Level 6.0 Shields
 + Level 5.5 Invocations
 + Level 5.0 Evocations


You had 10 spell levels left.
You didn't know any spells.
Your spell library contained the following spells:

 Spells                   Type           Power      Damage    Failure   Level
 Corona                   Hex            0%         N/A       50%         1
 Foxfire                  Conj/Fire      0%         2x1d4     50%         1
 Corpse Rot               Necr/Air       N/A        N/A       65%         2
 Ensorcelled Hibernation  Hex/Ice        0%         N/A       65%         2
 Passwall                 Tmut/Erth      0%         N/A       65%         2
 Poisonous Vapours        Pois/Air       0%         N/A       65%         2
 Conjure Flame            Conj/Fire      0%         6-21      86%         3
 Inner Flame              Hex/Fire       0%         N/A       86%         3
 Swiftness                Air            0%         N/A       86%         3
 Tukima's Dance           Hex            0%         N/A       86%         3
 Freezing Cloud           Conj/Ice/Air   0%         6-21      100%        5
 Invisibility             Hex            0%         N/A       100%        6
 Simulacrum               Ice/Necr       0%         N/A       100%        6
 Polar Vortex             Ice            0%         N/A       100%        9


Dungeon Overview and Level Annotations

Branches:
Dungeon (9/15)             Temple (1/1) D:5             Orc (1/2) D:9
   Lair: D:8-11

Altars:
Ashenzari
Cheibriados
Dithmenos
Elyvilon
Fedhas
Gozag
Hepliaklqana
Nemelex Xobeh
Qazlal
Trog
Vehumet
Wu Jian
Yredelemnul
The Shining One

Shops:
D:5 [:((*   D:6 [   Orc:1 *

Annotations:
D:3 3 runed translucent doors, Flure's ghost, weakling HuNe


Message History

The ogre mage's magic leaks into the air.
The ogre mage is lightly wounded.
The ogre mage hits you but does no damage.
You hit the ogre mage.
The ogre mage's magic leaks into the air.
The ogre mage is lightly wounded.
You puncture the ogre mage!
The ogre mage's magic leaks into the air.
The ogre mage is moderately wounded.
The ogre mage casts a spell.
The ogre mage flickers and vanishes for a moment.
You hit the ogre mage.
The ogre mage's magic leaks into the air.
The ogre mage is moderately wounded.
You block the ogre's attack. You block the ogre mage's attack.
You hit the ogre mage.
The ogre mage's magic leaks into the air.
The ogre mage is moderately wounded.
The ogre hits you with a +0 giant spiked club!!
You block the ogre mage's attack.
The ogre mage hits you from afar with a +0 spear.
Things that are here:
a +0 giant club; an ogre corpse
Things that are here:
a +0 giant spiked club; an ogre corpse You see here a +0 giant spiked club.
Things that are here:
a +0 giant club; an ogre corpse The ogre mage gestures at the ogre while chanting.
The ogre seems to speed up.
The ogre mage points at you and mumbles some strange words.
You suddenly lose the ability to move!
The ogre hits you with a +0 giant spiked club!
* * * LOW HITPOINT WARNING * * *
The ogre mage completely misses you.
The ogre hits you with a +0 giant spiked club!!
* * * LOW HITPOINT WARNING * * *
The ogre mage hits you but does no damage.
The ogre hits you with a +0 giant spiked club!!
You die...

..... #......... # ...
##..##...# .. ##.##
####.##.# ... ##.∩.##
##...... ....
###.....######.#....#
..#..#......##..##........
.......).........#........
######)####....#.........
#.....@O###............
#..#####O.##............
#.. ##).#..........#. #.
#8)#.#......)... #
#..#........<>..
#..##........))..
...###.......#.... ####
#....#.......
.....##..#....


You could see an ogre mage (invisible) and an ogre (fast).

Vanquished Creatures
  Erica (Orc:1)
  A cyclops (D:8)
  2 trolls
  A hornet (D:8)
  A wyvern (D:9)
  11 yaks (D:9)
  Grum (D:8)
  A steam dragon (D:8)
  An acid dragon (D:8)
  Duvessa (D:6)
  A water moccasin (D:9)
  2 sky beasts
  4 orc warriors
  A swamp drake (D:9)
  A hornet zombie (D:5)
  3 ice beasts
  14 ogres
  5 wolves
  4 necrophages (D:5)
  3 centaurs
  A phantom (D:6)
  3 kobold brigands
  2 gnoll sergeants (D:5)
  A bullfrog (D:9)
  4 scorpions
  Dowan (D:6)
  A water moccasin skeleton (D:5)
  8 wights
  4 howler monkeys
  4 hounds
  4 centaur zombies
  A human zombie (D:5)
  A bullfrog skeleton (D:6)
  5 orc priests
  A centaur skeleton (D:7)
  2 gnoll shamans (D:5)
  6 iguanas
  2 scorpion zombies (D:5)
  6 orc wizards
  2 howler monkey zombies
  2 mummies (D:5)
  7 adders
  12 gnolls
  A shadow imp (D:6)
  2 white imps
  An ufetubus (D:5)
  An adder zombie (D:5)
  An adder skeleton (D:2)
  A worm (D:2)
  3 dart slugs
  30 orcs
  9 ball pythons
  6 endoplasms
  A giant cockroach (D:2)
  6 goblins
  12 hobgoblins
  9 jackals
  2 quokkas
  2 bats
  3 frilled lizards
  18 kobolds
  5 rats
252 creatures vanquished.

Vanquished Creatures (others)
  A kobold (D:7)
  2 fungi (D:2)
3 creatures vanquished.

Grand Total: 255 creatures vanquished

Notes
Turn   | Place    | Note
-------+----------+-------------------------------------------
     0 | D:1      | antary the Human Fighter began the quest for the Orb.
     0 | D:1      | Reached XP level 1. HP: 18/18 MP: 1/1
   280 | D:1      | Reached XP level 2. HP: 19/24 MP: 2/2
   946 | D:2      | Reached XP level 3. HP: 29/29 MP: 3/3
   970 | D:2      | Found a shadowy altar of Dithmenos.
  1386 | D:2      | Found a faded altar of an unknown god.
  1666 | D:2      | Reached XP level 4. HP: 34/37 MP: 4/4
  1856 | D:2      | Reached skill level 4 in Fighting
  2049 | D:3      | Found a runed translucent gate.
  2062 | D:3      | Found a runed translucent gate.
  2062 | D:3      | Found a runed translucent gate.
  2489 | D:3      | Found an opulent altar of Gozag.
  2681 | D:3      | Reached XP level 5. HP: 42/42 MP: 5/5
  2770 | D:3      | Reached skill level 1 in Maces & Flails
  3357 | D:3      | Noticed Flure's ghost (weakling HuNe)
  3511 | D:4      | Reached XP level 6. HP: 32/50 MP: 6/6
  3799 | D:4      | Reached skill level 5 in Fighting
  3913 | D:4      | Noticed an ogre
  3919 | D:4      | Killed an ogre
  4010 | D:4      | Reached XP level 7. HP: 41/56 MP: 7/7
  4375 | D:5      | Entered Level 5 of the Dungeon
  4412 | D:5      | Found Rawehek's General Store.
  4449 | D:5      | Found a staircase to the Ecumenical Temple.
  4675 | Temple   | Entered the Ecumenical Temple
  4696 | Temple   | Became a worshipper of the Shining One
  4784 | D:5      | Reached skill level 6 in Fighting
  5199 | D:5      | Found Ahoomus's Antique Armour Emporium.
  5209 | D:5      | Bought a blackened ring mail for 189 gold pieces
  5209 | D:5      | Identified the +2 ring mail "Itibiq" {Str+2} (You bought it
                  | in a shop on level 5 of the Dungeon)
  5259 | D:5      | Reached XP level 8. HP: 65/65 MP: 8/8
  5278 | D:5      | Found Semofrui's Antique Weapon Shoppe.
  5283 | D:5      | Found Nettech's Weapon Emporium.
  5286 | D:5      | Found Syaluud's Book Shoppe.
  5433 | D:5      | Reached skill level 5 in Maces & Flails
  5480 | D:5      | Identified the +4 quarterstaff of Distraction {speed, rElec
                  | MP-9 Str+3 Dex+6}
  5498 | D:6      | Reached * piety under the Shining One
  5502 | D:6      | Found a broken altar of Ashenzari.
  5526 | D:6      | Reached skill level 7 in Fighting
  5668 | D:6      | Found Lenerr's Armour Shop.
  6203 | D:6      | Reached skill level 8 in Fighting
  6203 | D:6      | Reached XP level 9. HP: 61/74 MP: 9/9
  6318 | D:6      | Noticed Dowan
  6319 | D:6      | Noticed Duvessa
  6351 | D:6      | Killed Duvessa
  6361 | D:6      | Killed Dowan
  6364 | D:6      | Identified the amulet "Roenkurr" {Reflect rPois rC+ Str+6
                  | SH+5}
  7137 | D:5      | Reached skill level 1 in Evocations
  7158 | D:5      | Reached skill level 1 in Dodging
  7158 | D:5      | Reached skill level 1 in Invocations
  7401 | D:5      | Reached ** piety under the Shining One
  7451 | D:5      | Reached skill level 1 in Polearms
  7452 | D:5      | Found a basalt altar of Yredelemnul.
  7586 | D:5      | Found a white marble altar of Elyvilon.
  7605 | D:5      | Found a shadowy altar of Dithmenos.
  7752 | D:7      | Reached XP level 10. HP: 72/82 MP: 3/11
  7889 | D:7      | Reached skill level 9 in Fighting
  8275 | D:7      | Reached *** piety under the Shining One
  8586 | D:8      | Noticed Grum
  8818 | D:8      | Killed Grum
  9308 | D:8      | Noticed a cyclops
  9323 | D:8      | Killed a cyclops
  9659 | D:8      | Reached skill level 5 in Armour
  9659 | D:8      | Reached skill level 5 in Shields
 10167 | D:9      | Reached XP level 11. HP: 84/89 MP: 4/14
 10999 | D:9      | Found a staircase to the Orcish Mines.
 11027 | D:9      | Reached **** piety under the Shining One
 11380 | D:9      | Reached skill level 5 in Invocations
 11665 | Orc:1    | Entered Level 1 of the Orcish Mines
 11665 | Orc:1    | Noticed Erica
 11889 | Orc:1    | Killed Erica
 11890 | Orc:1    | Reached skill level 10 in Fighting
 12042 | Orc:1    | Found Xevikar's Mass Market.
 12076 | Orc:1    | Reached skill level 5 in Evocations
 12133 | Orc:1    | Noticed an ogre mage
 12149 | Orc:1    | Paralysed by an ogre mage for 5 turns
 12151 | Orc:1    | HP: 3/90 [ogre (24)]
 12152 | Orc:1    | Annihilated by an ogre

Illustrated notes

Levels and vault maps discovered:
D:1:      dpeg_arrival_refuge, layout_rooms, serial_bayou_lagoon_a
D:2:      layout_loops_ring, basic_altar,
          dreamdust_ecumenical_altar_hidden_monk_grotto, solitary_fountain,
          kennysheep_generic_room_16
D:3:      layout_basic, mainiacjoe_overflow_catwalk, gammafunk_ghost_icy,
          fountainhead, kennysheep_pointless_box
D:4:      layout_loops_ring
D:5:      layout_cave_pools, lemuel_mausoleum_altar_yredelemnul,
          overflow_temple_1_default, elyvilon_altar_4,
          minmay_temple_entry_stoned_glass, serial_gnoll_camp,
          gnoll_camp_medium_02, gnoll_camp_mini_hut, gnoll_camp_mini_loothouse,
          gnoll_camp_mini_house, serial_shops, nicolae_shop_statue_plus, shop,
          shop, nicolae_shop_behind_doors, nicolae_stop_n_shop_2,
          serial_park_tiny_1
D:6:      layout_basic, amcnicky_altar_gilded, serial_shops, shop_statue,
          serial_co_window_serial, co_window_paths_a, co_window_corner_a,
          co_window_paths_a, co_window_cross_1, co_window_paths_a,
          co_window_broadway_c, co_window_corner_b, co_window_unsneaky_path_e,
          co_window_corner_cb, co_window_of_opportunity_c, co_window_paths_d,
          co_window_4corner_a, glass_columns_a, uniq_duvessa
D:7:      layout_cave_pools
D:8:      lemuel_ice_spiral_2, layout_basic, minmay_diamond_spiral, uniq_grum
D:9:      layout_basic, erik_orc_1
Temple:   eino_temple_scatter_basement
Orc:1:    layout_caves, minmay_shop_mass, mines4_lemuel, uniq_erica

Skill      XL: |  1  2  3  4  5  6  7  8  9 10 11 |
---------------+----------------------------------+-----
Long Blades    | 3 |  3.3
Fighting       | 4 5 6 8 9 10 | 10.0
Maces & Flails | 2 3 4 6 7 |  7.3
Evocations     | 2 3 5 |  5.0
Dodging        | 2 3 4 |  4.9
Invocations    | 2 4 5 |  5.5
Polearms       | 1 3 4 |  4.7
Armour         | 5 6 |  6.0
Shields        | 5 6 |  6.0

Action                   |  1- 3 |  4- 6 |  7- 9 | 10-12 || total
-------------------------+-------+-------+-------+-------++-------
Melee: Long sword        |    87 |    39 |       |       ||   126
       Flail             |       |   130 |   226 |       ||   356
       Spear             |       |       |   113 |   424 ||   537
Evoke: Wand              |       |       |     6 |     7 ||    13
  Use: Scroll            |     2 |     7 |     1 |     8 ||    18
       Potion            |       |     1 |     2 |     3 ||     6
Armor: Scale mail        |    33 |    61 |    36 |       ||   130
       Ring mail         |       |       |    66 |    62 ||   128
Dodge: Dodged            |    18 |    54 |   132 |   143 ||   347
Block: Kite shield       |    32 |    33 |       |       ||    65
       Buckler           |       |    31 |   163 |   254 ||   448
       Reflection        |       |       |     3 |     6 ||     9
       Rpst.: Long sword |     2 |     1 |       |       ||     3
